 Dungeon Sprint DCSS version 0.27-a0-1565-gad902ab807 (webtiles) character file.

Game seed: 5495123549380862865

4986 mhtbhm the Carver (level 10, -8/101 HPs)
             Began as a Minotaur Fighter on July 16, 2021.
             Was a Believer of Qazlal.
             Shot with an arrow by Nessos (11 damage)
             ... in the Dungeon (Sprint II: "The Violet Keep of Menkaure").
             The game lasted 00:04:56 (2982 turns).

mhtbhm the Carver (Minotaur Fighter)                Turns: 2982, Time: 00:04:57

Health: -8/101     AC: 11    Str: 24    XL:     10   Next: 29%
Magic:  0/8        EV: 12    Int:  3    God:    Qazlal [**....]
Gold:   312        SH: 19    Dex: 10    Spells: 9/9 levels left

rFire    + + +     SeeInvis +   a - +0 long sword
rCold    + + +     Faith    .   d - +2 shield of Resistance {rF++ rC++ Will++}
rNeg     . . .     Spirit   .   b - +0 scale mail
rPois    +         Reflect  .   (helmet restricted)
rElec    +         Harm     .   (no cloak)
rCorr    +         Rampage  .   v - +0 pair of gloves
Will     ++...     NoTele   +   (no boots)
Stlth    +.........             (no amulet)
HPRegen  0.26/turn              e - ring of flight
MPRegen  0.11/turn              f - ring of see invisible

@: lethally poisoned (-8 -> -13), resistant, flying
A: horns 2, retaliatory headbutt, deterioration 1, dopey 1, low mp 1, screaming
1
a: Renounce Religion, Upheaval


You were in the Dungeon.
You worshipped Qazlal.
Qazlal was pleased with you.
You visited 1 branch You collected 1220 gold pieces.
You spent 908 gold pieces at shops.

Inventory:

Hand Weapons
 a - a +0 long sword (weapon)
Armour
 b - a +0 scale mail (worn)
 d - the +2 shield of Resistance (worn) {rF++ rC++ Will++}
   (You bought it in a shop in the Dungeon)

   rF:        It greatly protects you from fire.
   rC:        It greatly protects you from cold.
   Will:      It greatly increases your willpower.
 v - a +0 pair of gloves (worn)
Jewellery
 e - a ring of flight (left hand)
 f - a ring of see invisible (right hand)
 p - a ring of wizardry
Scrolls
 j - a scroll of blinking
 l - 2 scrolls of fog
 m - 3 scrolls of torment {unknown}
 n - a scroll of brand weapon {unknown}
 r - a scroll of acquirement {unknown}
 t - a scroll of immolation {unknown}
 u - a scroll of amnesia {unknown}
Potions
 h - 5 potions of magic
 i - a potion of brilliance
 o - a potion of cancellation
 q - 2 potions of resistance
 s - 2 potions of flight


   Skills:
 + Level 13.4 Fighting
 + Level 14.7 Long Blades
 + Level 13.8 Armour
 + Level 5.3 Dodging
 - Level 2.6 Stealth
 + Level 14.5 Shields
 * Level 0.2 Invocations


You had 9 spell levels left.
You didn't know any spells.
Your spell library contained the following spells:

 Spells                   Type           Power      Damage    Failure   Level
 Static Discharge         Conj/Air       0%         N/A       88%         2
 Dispel Undead            Necr           0%         3d6       100%        4
 Sticky Flame             Conj/Fire      0%         2d3       100%        4


Dungeon Overview and Level Annotations

Branches:
Dungeon (1/1)

Altars:
Cheibriados
Dithmenos
Elyvilon
Fedhas
Gozag
Hepliaklqana
Kikubaaqudgha
Makhleb
Nemelex Xobeh
Okawaru
Qazlal
Ru
Sif Muna
Trog
Uskayaw
Vehumet
Wu Jian
Xom
Yredelemnul
Zin
The Shining One
Beogh
Jiyva
Lugonu

Shops:
D !*:???=[[[=!:[?([!:

Annotations:
D exclusion: oklob plant, Nessos


Innate Abilities, Weirdness & Mutations

You have a pair of horns on your head.
You reflexively headbutt those who attack you in melee.
Your body sometimes deteriorates upon taking damage.
You are dopey. (Int -2)
Your magical capacity is low. (-10% MP)
You occasionally shout uncontrollably at your foes.


Message History

Nessos is severely wounded.
Nessos is flash-frozen.
Nessos blinks!
Nessos shoots an arrow.
You block the arrow.
Unknown command.
Unknown command.
Unknown command.
Aiming: Upheaval
Press: ? - help, Dir - move target, f/p - Nessos
Aim: Nessos, wielding a +2 longbow of flaming, wearing a +0 barding and quivering arrows (severely wounded, fast, encased in ice) Magma suddenly erupts from the ground!
The blast of magma engulfs Nessos!
Nessos is almost dead.
You can no longer give life to nearby clouds.
Nessos drinks a potion.
Nessos is healed!
Nessos shoots an arrow.
The arrow hits you!!
* * * LOW HITPOINT WARNING * * *
You are lethally poisoned!
Unknown command.
Unknown command.
Unknown command.
Okay, then.
You aren't carrying any items that you can evoke.
Unknown command.
Okay, then.
It was a potion of resistance.
You feel protected.
* * * LOW HITPOINT WARNING * * *
You feel very sick.
Nessos is no longer encased in ice.
Nessos blinks!
Unknown command.
It was a potion of flight.
You feel more buoyant.
* * * LOW HITPOINT WARNING * * *
You feel very sick.
Nessos blinks!
Unknown command.
Okay, then.
* * * LOW HITPOINT WARNING * * *
You feel sick.
Nessos shoots an arrow.
The arrow hits you!
You die...

○.○○z. ### °°z.z
#∩####z## ##....####
#∩.^^...^'
###########.#
.[.oooo)o#..
###################.^
#.)∩@!≈...c...^^...^.
#####################


You could see Nessos (fast).

Vanquished Creatures
  A boulder beetle (D)
  3 sixfirhies (D)
  A yaktaur (D)
  3 polar bears (D)
  A hornet (D)
  4 neqoxecs (D)
  Menkaure (D)
  4 water moccasins (D)
  4 necrophages (D)
  4 lava snakes (D)
  A jelly (D)
  3 worms (D)
  A tentacle (D)
31 creatures vanquished.

Vanquished Creatures (others)
  11 tentacles (D)
11 creatures vanquished.

Grand Total: 42 creatures vanquished

Notes
Turn   | Place    | Note
-------+----------+-------------------------------------------
     0 | D        | mhtbhm the Minotaur Fighter began the quest for the Orb.
     0 | D        | Reached XP level 1. HP: 19/19 MP: 0/0
     1 | D        | Noticed a necrophage
     1 | D        | Noticed a necrophage
     1 | D        | Noticed a necrophage
     1 | D        | Noticed a necrophage
     7 | D        | Killed a necrophage
     8 | D        | Reached XP level 2. HP: 17/31 MP: 1/1
     8 | D        | Reached XP level 3. HP: 21/38 MP: 2/2
     8 | D        | Reached XP level 4. HP: 25/45 MP: 3/3
    14 | D        | Killed a necrophage
    15 | D        | Reached XP level 5. HP: 21/53 MP: 4/4
    18 | D        | Killed a necrophage
    19 | D        | Reached skill level 5 in Long Blades
    19 | D        | Reached skill level 1 in Dodging
    26 | D        | Killed a necrophage
    27 | D        | Reached XP level 6. HP: 17/63 MP: 5/5
   299 | D        | Noticed a boulder beetle
   299 | D        | Noticed a boulder beetle
   303 | D        | Noticed a neqoxec
   306 | D        | Gained mutation: Your magical capacity is low. (-10% MP) [a
                  | neqoxec]
   312 | D        | Noticed a neqoxec
   313 | D        | Killed a neqoxec
   314 | D        | Reached skill level 10 in Armour
   316 | D        | Noticed a water moccasin
   319 | D        | Killed a neqoxec
   320 | D        | Reached skill level 10 in Fighting
   320 | D        | Reached skill level 10 in Shields
   320 | D        | Reached XP level 7. HP: 48/72 MP: 5/5
   325 | D        | Found Zyapt's Antique Armour Shop.
   327 | D        | Found Lecozuw's Antique Weapon Boutique.
   327 | D        | Found Tirypt's Armour Shop.
   327 | D        | Found Etanub's Distillery.
   327 | D        | Found Epreedghopa's Book Boutique.
   327 | D        | Found Fiaceyva's Antique Armour Shop.
   327 | D        | Found Ecovim's Jewellery Shop.
   327 | D        | Noticed a neqoxec
   328 | D        | Gained mutation: You are dopey. (Int -2) [a neqoxec]
   330 | D        | Gained mutation: Your body sometimes deteriorates upon
                  | taking damage. [a neqoxec]
   332 | D        | Noticed Menkaure
   333 | D        | Gained mutation: You occasionally shout uncontrollably at
                  | your foes. [a neqoxec]
   344 | D        | Killed a neqoxec
   347 | D        | Killed Menkaure
   348 | D        | Found Feul's Magic Scroll Boutique.
   348 | D        | Found Tiad's Armour Shop.
   348 | D        | Found Hef Efuv's Jewellery Boutique.
   348 | D        | Noticed a polar bear
   466 | D        | Noticed a manticore
   467 | D        | Found Turchac's Magic Scroll Shop.
   467 | D        | Found Otiagi's Magic Scroll Boutique.
   467 | D        | Noticed a polar bear
   467 | D        | Noticed an oklob plant
   467 | D        | Noticed a manticore
   468 | D        | Found Duffy's General Store.
   468 | D        | Found Usuqisan's Distillery.
   468 | D        | Found Cehul's Book Shoppe.
   469 | D        | Noticed a manticore
   472 | D        | Noticed a wyvern
   472 | D        | Noticed a wyvern
   497 | D        | Noticed a neqoxec
   528 | D        | Killed a neqoxec
   529 | D        | Reached skill level 10 in Long Blades
   529 | D        | Reached XP level 8. HP: 68/82 MP: 6/6
   735 | D        | Killed a boulder beetle
   736 | D        | Reached skill level 1 in Stealth
  1081 | D        | Bought the +2 shield of Resistance {rF++ rC++ Will++} for
                  | 908 gold pieces
  1081 | D        | Found the +2 shield of Resistance {rF++ rC++ Will++}
  1330 | D        | Found a glowing golden altar of the Shining One.
  1330 | D        | Found an ornate altar of the Wu Jian Council.
  1331 | D        | Found a shimmering altar of Xom.
  1331 | D        | Found a sacrificial altar of Ru.
  1332 | D        | Found a stormy altar of Qazlal.
  1333 | D        | Found a basalt altar of Yredelemnul.
  1333 | D        | Found a shimmering blue altar of Sif Muna.
  1333 | D        | Found a viscous altar of Jiyva.
  1334 | D        | Found a glowing silver altar of Zin.
  1334 | D        | Found a bloodstained altar of Trog.
  1334 | D        | Found an ancient bone altar of Kikubaaqudgha.
  1335 | D        | Found a hide-covered altar of Uskayaw.
  1335 | D        | Found a corrupted altar of Lugonu.
  1335 | D        | Found a shadowy altar of Dithmenos.
  1336 | D        | Found a radiant altar of Vehumet.
  1336 | D        | Found a burning altar of Makhleb.
  1336 | D        | Found a white marble altar of Elyvilon.
  1337 | D        | Found a sparkling altar of Nemelex Xobeh.
  1337 | D        | Found a blossoming altar of Fedhas.
  1338 | D        | Found an iron altar of Okawaru.
  1338 | D        | Found an opulent altar of Gozag.
  1339 | D        | Noticed a yaktaur
  1339 | D        | Noticed a hornet
  1339 | D        | Noticed a polar bear
  1339 | D        | Noticed a polar bear
  1339 | D        | Noticed a polar bear
  1357 | D        | Killed a polar bear
  1358 | D        | Reached XP level 9. HP: 88/90 MP: 7/7
  1364 | D        | Killed a polar bear
  1374 | D        | Killed a polar bear
  1390 | D        | Killed a yaktaur
  1401 | D        | Found a hazy altar of Hepliaklqana.
  1401 | D        | Found a snail-covered altar of Cheibriados.
  1412 | D        | Became a worshipper of Qazlal Stormbringer
  1678 | D        | Noticed a kraken
  2261 | D        | Reached * piety under Qazlal
  2472 | D        | Noticed a sixfirhy
  2491 | D        | Reached ** piety under Qazlal
  2494 | D        | Noticed a sixfirhy
  2497 | D        | Noticed a sixfirhy
  2506 | D        | Found Fyirelode's Book Shoppe.
  2507 | D        | Found Gusejy's Distillery.
  2565 | D        | Killed a sixfirhy
  2566 | D        | Reached skill level 5 in Dodging
  2566 | D        | Reached XP level 10. HP: 88/100 MP: 8/8
  2574 | D        | Killed a sixfirhy
  2574 | D        | Reached *** piety under Qazlal
  2585 | D        | Killed a sixfirhy
  2960 | D        | Found Ruzou's Antique Armour Boutique.
  2961 | D        | Found Fyjyas's Magic Scroll Shoppe.
  2963 | D        | Noticed Nessos
  2981 | D        | HP: 5/101 [poisoned by Nessos]
  2982 | D        | Shot with an arrow by Nessos

Illustrated notes

Levels and vault maps discovered:
D:        the_violet_keep_of_menkaure [sprint2_stairs_cluster_1,
          sprint2_shoproom, sprint2_temple, sprint2_basic_supplies,
          sprint2_obstacle_1, sprint2_obstacle_5, sprint2_obstacle_7,
          sprint2_obstacle_3, sprint2_obstacle_2, sprint2_timed_cluster_1,
          sprint2_smallroom_cluster_1, sprint2_smallroom_final_cluster_1,
          sprint2_transparent_cluster_1, sprint2_second_timed_cluster_1,
          sprint2_sniper_area_1, sprint2_heavy_combat_area_1,
          sprint2_mutation_trap_area_1, sprint2_forest_area_1,
          sprint2_light_combat_area_1, sprint2_behind_water_1,
          sprint2_near_end_vault_1]

Skill      XL: |  1  2  3  4  5  6  7  8  9 10 |
---------------+-------------------------------+-----
Fighting       | 6 7 9 10 11 12 13 | 13.4
Long Blades    | 3 4 6 8 10 12 14 | 14.7
Armour         | 6 8 9 10 11 13 | 13.8
Shields        | 6 7 9 10 11 12 13 14 | 14.5
Dodging        | 1 2 3 4 5 |  5.3
Stealth        | 1 2 |  2.6
Invocations    | |  0.2

Action                   |  1- 3 |  4- 6 |  7- 9 | 10-12 || total
-------------------------+-------+-------+-------+-------++-------
Melee: Long sword        |     5 |    41 |   185 |    20 ||   251
       Headbutt          |     2 |    12 |    38 |     3 ||    55
Invok: Upheaval          |       |       |       |     3 ||     3
  Use: Potion            |       |       |     5 |     4 ||     9
       Scroll            |       |       |       |     4 ||     4
Armor: Scale mail        |     1 |     5 |    42 |     6 ||    54
Dodge: Dodged            |       |    11 |    54 |    11 ||    76
Block: Kite shield       |     4 |    21 |    99 |    29 ||   153
       Rpst.: Long sword |       |     2 |    14 |     3 ||    19

Table legend: (Time is in decaauts)
 A = Elapsed time spent in this place.
 B = Non-inter-level travel time spent in this place.
 C = Inter-level travel time spent in this place.
 D = Time resting spent in this place.
 E = Time spent auto-exploring this place.
 F = Levels seen in this place.
 G = Mean time per level.
                   A        B        C        D        E       F      G
               +--------+--------+--------+--------+--------+-----+--------+
         Total |   2966 |   2966 |      0 |   2230 |      0 |   1 | 2966.0 |
       Dungeon |   2966 |   2966 |      0 |   2230 |      0 |   1 | 2966.0 |
               +--------+--------+--------+--------+--------+-----+--------+

Top non-repeatable levels by time:
       D: 2966 daAuts
